 Dungeon Crawl Stone Soup version 0.31-a0-840-g6d2ecbb638 (webtiles) character file.

Game seed: 8483618512654209258

1447 Ethylacetat the Ducker (level 8, -4/57 HPs)
             Began as an Octopode Gladiator on Sept 27, 2023.
             Was an Initiate of Gozag.
             Succumbed to Duvessa's poison
             ... on level 6 of the Dungeon.
             The game lasted 00:09:56 (5942 turns).

Ethylacetat the Ducker (Octopode Gladiator)         Turns: 5942, Time: 00:09:57

Health: -4/57      AC:  8    Str: 19      XL:     8   Next: 75%
Magic:  8/8        EV: 15    Int: 11      God:    Gozag
Gold:   807        SH:  0    Dex: 13 (15) Spells: 7/7 levels left

rFire   . . .        i - +2 dagger (protect)
rCold   . . .        (no shield)
rNeg    . . .        (helmet restricted)
rPois   .            (no amulet)
rElec   .            m - +6 ring of strength
rCorr   .            (no ring)
SInv    .            (no ring)
Will    .....        (no ring)
Stlth   ++           (no ring)
HPRegen 0.29/turn    (no ring)
MPRegen 0.11/turn    (no ring)
                     (no ring)

%: no passive effects
@: mighty, lethally poisoned (-4 -> -29), under a protective aura, studying
Summonings
A: almost no armour, amphibious, 8 rings, camouflage 1, gelatinous body 1,
(nimble swimmer 1), tentacles
a: Renounce Religion, Potion Petition, Call Merchant, Bribe Branch


You were on level 6 of the Dungeon.
You worshipped Gozag.
Gozag was pleased with you.
You visited 2 branches of the dungeon, and saw 7 of its levels.
You also visited: Sewer.

You collected 885 gold pieces.
You paid 78 gold pieces to Gozag.

Inventory:

Hand Weapons
 i - a +2 dagger of protection (weapon)
Missiles
 b - 4 throwing nets (quivered)
 c - a javelin
Armour
 a - a +0 hat
Jewellery
 m - a +6 ring of strength (left tentacle)
Talismans
 s - a flux talisman
Wands
 t - a wand of flame (22)
Scrolls
 d - 4 scrolls of enchant armour {unknown}
 e - 6 scrolls of teleportation {unknown}
 g - 3 scrolls of amnesia {unknown}
 k - 3 scrolls of poison {unknown}
 n - 6 scrolls of identify {unknown}
 p - 2 scrolls of silence {unknown}
 r - a scroll of torment {unknown}
Potions
 f - a potion of heal wounds {unknown}
 h - a potion of degeneration
 j - 2 potions of enlightenment
 l - 3 potions of might
 q - a potion of lignification {unknown}


   Skills:
 + Level 6.2 Fighting
 - Level 2.0 Throwing
 + Level 6.6 Dodging
 + Level 6.5 Unarmed Combat
 * Level 1.9 Shapeshifting


You had 7 spell levels left.
You didn't know any spells.
Your spell library contained the following spells:

 Spells                   Type           Power      Damage    Failure   Level
 Static Discharge         Conj/Air       0%         2-2/arc   47%         2
 Wereblood                Tmut           0%         N/A       47%         2
 Dazzling Flash           Conj/Hex       0%         N/A       71%         3
 Volatile Blastmotes      Fire/Tloc      0%         2d10      71%         3
 Airstrike                Air            0%         2d(0-16)  98%         4
 Summon Lightning Spire   Summ/Air       0%         N/A       98%         4
 Irradiate                Conj/Tmut      0%         3d11      100%        5
 Starburst                Conj/Fire      0%         6d3       100%        6
 Maxwell's Capacitive Co  Air            0%         ∞         100%        8


Dungeon Overview and Level Annotations

Branches:
Dungeon (6/15)             Temple (1/1) D:4           Sewer (visited)

Altars:
Ashenzari
Cheibriados
Dithmenos
Elyvilon
Fedhas
Gozag
Hepliaklqana
Kikubaaqudgha
Okawaru
Qazlal
Ru
Sif Muna
Trog
Uskayaw
Vehumet
Wu Jian
Xom
Yredelemnul
Zin
The Shining One

Shops:
D:4 [   D:5 [

Annotations:
D:6 Dowan, Duvessa


Innate Abilities, Weirdness & Mutations

You cannot wear most types of armour.
You are amphibious.
You can wear up to eight rings at the same time.
Your skin changes colour to match your surroundings (Stealth+).
Your rubbery body absorbs attacks. (AC +1, EV +1)
((You are camouflaged when in or above water. (Stealth+)))
You have tentacles for arms and can constrict up to eight enemies at once.


Message History

You constrict Dowan. Dowan hits you but does no damage.
You release your grip on Dowan.
Dowan points at Duvessa and mumbles some strange words.
Duvessa seems to speed up.
You feel stronger.
m - a +6 ring of strength (left tentacle)
You feel very mighty all of a sudden.
You closely miss Duvessa. You grab Duvessa.
You tentacle-slap Duvessa, but do no damage.
You constrict Duvessa, but do no damage.
Duvessa hits you with a +0 short sword of venom!
You are poisoned.
You puncture Duvessa!
Your weapon exudes an aura of protection.
Duvessa is moderately wounded.
You constrict Duvessa.
You feel sick.
Duvessa hits you with a +0 short sword of venom!
You are more poisoned.
Dowan gestures wildly while chanting.
Dowan blinks!
Duvessa hits you with a +0 short sword of venom.
You hit Duvessa.
Duvessa is moderately wounded.
You constrict Duvessa.
You feel very sick.
Duvessa hits you with a +0 short sword of venom!
* * * LOW HITPOINT WARNING * * *
You are more poisoned.
You hit Duvessa. You squeeze Duvessa.
Duvessa is severely wounded.
You constrict Duvessa.
* * * LOW HITPOINT WARNING * * *
You feel extremely sick. Duvessa barely misses you.
Duvessa hits you with a +0 short sword of venom.
* * * LOW HITPOINT WARNING * * *
It was a potion of magic.
Magic courses through your body.
You constrict Duvessa.
You die...
Your body crumbles into a pile of gold.

### ############ #..
#......e...# ####### #.#
##.########e# #.....#####.# #
...# #@# #.....#.....# . ..
...#####.# #...........# #
#...#.#...#.# #.....#.###.# #
........#.#.####<....#.# #[.
# .#.##.#..........#.###.#
### ## #.#..##.######...#.#
.####.#.##.#.<##.########.#.#
......#..........)..........#
.#########.#.############.###


You could see Duvessa (fast).

Vanquished Creatures
  Menkaure (D:5)
  Edmund (D:5)
  An ogre (D:4)
  2 centaurs (D:5)
  A phantom (D:4)
  A kobold brigand (D:6)
  Blork the orc (D:6)
  A bullfrog (Sewer)
  3 scorpions
  A water moccasin zombie (D:4)
  An electric eel (D:6)
  A bullfrog skeleton (D:4)
  2 orc priests (D:5)
  Jessica (D:2)
  Natasha (thrice) (D:2)
  An orc wizard (D:5)
  A hound zombie (D:4)
  4 adders
  A shadow imp (D:6)
  3 ufetubi (D:6)
  An adder zombie (D:4)
  An adder skeleton (D:4)
  A worm (D:5)
  3 dart slugs
  17 orcs
  3 endoplasms
  17 giant cockroaches
  5 goblins
  3 hobgoblins (D:3)
  11 jackals
  4 quokkas
  8 ball pythons
  6 bats
  10 frilled lizards
  A jackal skeleton (D:4)
  15 kobolds
  6 rats
  A spectral goblin (D:3)
144 creatures vanquished.

Notes
Turn   | Place    | Note
-------+----------+-------------------------------------------
     0 | D:1      | Ethylacetat the Octopode Gladiator began the quest for the
                  | Orb.
     0 | D:1      | Reached XP level 1. HP: 14/14 MP: 1/1
   146 | D:1      | Reached XP level 2. HP: 19/19 MP: 2/2
   679 | D:2      | Found an iron altar of Okawaru.
   791 | D:2      | Noticed Natasha
   799 | D:2      | Killed Natasha
   800 | D:2      | Reached XP level 3. HP: 16/25 MP: 3/3
   918 | D:2      | Noticed Jessica
   922 | D:2      | Killed Jessica
   923 | D:2      | Reached XP level 4. HP: 31/31 MP: 4/4
  1326 | D:2      | Noticed Natasha
  1338 | D:2      | Killed Natasha
  1460 | D:2      | Reached XP level 5. HP: 36/36 MP: 5/5
  2252 | D:2      | Noticed Natasha
  2313 | D:2      | Killed Natasha
  2651 | D:3      | Found a faded altar of an unknown god.
  3335 | D:4      | Reached XP level 6. HP: 43/43 MP: 6/6
  3346 | D:4      | Found a staircase to the Ecumenical Temple.
  3368 | Temple   | Entered the Ecumenical Temple
  3387 | Temple   | Became a worshipper of Gozag Ym Sagoz the Greedy
  3634 | D:4      | Found Gaz Para's Armour Boutique.
  3682 | D:4      | Found a glowing drain.
  3708 | Sewer    | Entered a sewer
  3778 | Sewer    | Reached skill level 5 in Dodging
  3778 | Sewer    | Reached skill level 5 in Unarmed Combat
  3778 | Sewer    | Reached XP level 7. HP: 33/49 MP: 7/7
  4382 | D:5      | Entered Level 5 of the Dungeon
  4403 | D:5      | Reached skill level 5 in Fighting
  4455 | D:5      | Noticed Edmund
  4482 | D:5      | Killed Edmund
  4483 | D:5      | Reached XP level 8. HP: 13/56 MP: 8/8
  4757 | D:5      | Noticed Menkaure
  4767 | D:5      | Killed Menkaure
  5226 | D:5      | Found Quasedai's Armour Emporium.
  5533 | D:6      | Noticed Blork the orc
  5545 | D:6      | Reached skill level 1 in Shapeshifting
  5552 | D:6      | Killed Blork the orc
  5746 | D:6      | Identified the +1 robe "Noxa" {rF- Will++ Str+4}
  5927 | D:6      | Noticed Duvessa
  5927 | D:6      | Noticed Dowan
  5941 | D:6      | HP: 2/57 [Duvessa/+0 short sword of venom (4)]
  5942 | D:6      | Succumbed to Duvessa's poison

Illustrated notes

Levels and vault maps discovered:
D:1:      minmay_arrival_four_circles, layout_loops_ring,
          minmay_gold_behind_fungi
D:2:      layout_basic, basic_altar, kennysheep_path_1, st_stairs_4,
          uniq_natasha, uniq_jessica
D:3:      layout_basic, dreamdust_ecumenical_altar_drowned_temple,
          chequers_serial_rivers_small_a
D:4:      layout_basic, minmay_temple_entry_mini_moons, portal_sewer_entry_f,
          serial_shops, shop, serial_undead, serial_undead_b, serial_undead_c,
          serial_undead_a, serial_undead_e, serial_undead_e,
          nicolae_figureground_sparkle
D:5:      layout_basic, serial_shops, shop, uniq_edmund, uniq_menkaure
D:6:      layout_loops_ring, kennysheep_decorative_pillar,
          grunt_decor_one_mirror, uniq_blork_the_orc, uniq_duvessa,
          uniq_eustachio
Temple:   nicolae_temple_slightly_damp_pantheon

Skill      XL: |  1  2  3  4  5  6  7  8 |
---------------+-------------------------+-----
Fighting       | 3 4 5 6 |  6.2
Dodging        | 4 5 6 |  6.6
Unarmed Combat | 4 5 6 |  6.5
Shapeshifting  | 1 |  1.9
Throwing       | |  2.0

Action                     |  1- 3 |  4- 6 |  7- 9 || total
---------------------------+-------+-------+-------++-------
  Melee: Unarmed           |    56 |       |       ||    56
         Constrict         |    25 |    36 |    49 ||   110
         Tentacles         |    15 |    47 |    53 ||   115
         Punch             |     2 |     7 |     8 ||    17
         Dagger            |     8 |   143 |   175 ||   326
    Use: Potion            |       |       |     6 ||     6
   Stab: Sleeping          |     4 |    11 |     6 ||    21
         Distracted        |       |       |     1 ||     1
 Armour: Skin              |    13 |    55 |    74 ||   142
  Dodge: Dodged            |    30 |   106 |   121 ||   257

Table legend: (Time is in decaauts)
 A = Elapsed time spent in this place.
 B = Non-inter-level travel time spent in this place.
 C = Inter-level travel time spent in this place.
 D = Time resting spent in this place.
 E = Time spent auto-exploring this place.
 F = Levels seen in this place.
 G = Mean time per level.
                   A        B        C        D        E       F      G
               +--------+--------+--------+--------+--------+-----+--------+
         Total |   5938 |   5258 |    680 |     97 |   3805 |   8 |  742.2 |
       Dungeon |   5606 |   4962 |    644 |     97 |   3625 |   6 |  934.3 |
        Temple |     38 |      2 |     36 |      0 |      0 |   1 |   38.0 |
         Sewer |    292 |    292 |      0 |      0 |    180 |   1 |  292.0 |
               +--------+--------+--------+--------+--------+-----+--------+

Top non-repeatable levels by time:
     D:2: 1822 daAuts
     D:5: 1119 daAuts
     D:3: 895 daAuts
     D:4: 736 daAuts
     D:1: 593 daAuts
     D:6: 439 daAuts
   Sewer: 292 daAuts
  Temple: 38 daAuts
